 Dungeon Crawl Stone Soup version 0.25-a0-1130-g3926558f3a (webtiles) character file.

Game seed: 13428662772417924058, levelgen mode: deterministic

4407 Flugslaktarn the Cleaver (level 10, 0/92 HPs)
             Began as a Deep Dwarf Fighter on May 19, 2020.
             Was a Follower of Makhleb.
             Slain by a 15-headed hydra (4 damage)
             ... while paralysed
             ... on level 1 of the Lair of Beasts.
             The game lasted 00:11:28 (1963 turns).

Flugslaktarn the Cleaver (Deep Dwarf Fighter)       Turns: 1963, Time: 00:11:28

Health: 0/92       AC: 14    Str: 23    XL:     10   Next: 14%
Magic:  9/9        EV:  2    Int:  9    God:    Makhleb [*.....]
Gold:   173        SH:  0    Dex: 12    Spells: 9/9 levels left

rFire    . . .     SeeInvis .   a - +1 war axe
rCold    + . .     Gourm    .   c - +0 kite shield
rNeg     . . .     Faith    .   o - +1 chain mail {rC+}
rPois    .         Spirit   .   l - +0 helmet
rElec    .         Reflect  .   (no cloak)
rCorr    +         Harm     .   (no gloves)
MR       +....                  m - +0 pair of boots
Stlth    ..........             (no amulet)
HPRegen  0.00/turn              t - ring of stealth
MPRegen  0.11/turn              k - ring of resist corrosion

@: paralysed, berserk cooldown, non-regenerating, slowed
A: damage resistance, heal wounds, sense surroundings 2, no regeneration
a: Heal Wounds, Renounce Religion


You were on level 1 of the Lair of Beasts.
You worshipped Makhleb.
Makhleb was aware of your devotion.
You were not hungry.

You visited 3 branches of the dungeon, and saw 12 of its levels.

You collected 269 gold pieces.
You spent 96 gold pieces at shops.

Inventory:

Hand Weapons
 a - a +1 war axe (weapon)
Missiles
 g - a throwing net (quivered)
Armour
 b - a +0 scale mail
 c - a +0 kite shield (worn)
 h - a +2 hat
   (You found it on level 1 of the Dungeon)
 l - a +0 helmet (worn)
   (You found it on level 7 of the Dungeon)
 m - a +0 pair of boots (worn)
   (You found it on level 3 of the Dungeon)
 o - a +1 chain mail of cold resistance (worn)
   (You found it on level 4 of the Dungeon)
 p - a +0 pair of gloves
   (You found it on level 7 of the Dungeon)
Jewellery
 k - a ring of resist corrosion (right hand)
   (You found it on level 8 of the Dungeon)
 r - an uncursed ring of wizardry
   (You found it on level 7 of the Dungeon)
 t - a ring of stealth (left hand)
   (You found it on level 2 of the Lair of Beasts)
Scrolls
 i - a scroll of summoning
 s - a scroll of enchant weapon
Potions
 d - a potion of might
 f - 2 potions of flight
 n - 3 potions of curing {unknown}
 q - a potion of heal wounds {unknown}
Comestibles
 e - 8 rations


   Skills:
 + Level 6.4 Fighting
 * Level 10.1 Axes
 + Level 7.7 Armour
 + Level 7.8 Shields
 + Level 4.7 Invocations


You had 9 spell levels left.
You didn't know any spells.
Your spell library was empty.

Dungeon Overview and Level Annotations

Branches:
Dungeon (9/15)             Temple (1/1) D:4            Lair (2/6) D:8
  Swamp: Lair:2-4    Shoals: Lair:2-4     Snake: Lair:2-4    Spider: Lair:2-4
    Orc: D:9-12

Altars:
Ashenzari
Cheibriados
Dithmenos
Elyvilon
Gozag
Kikubaaqudgha
Makhleb
Okawaru
Qazlal
Ru
Sif Muna
Trog
Uskayaw
Wu Jian
Xom
Zin

Shops:
D:5 *


Innate Abilities, Weirdness & Mutations

You are resistant to damage.
You can heal yourself by infusing magical energy.
You passively map the area around you.
You do not regenerate.


Message History

You pass out from exhaustion.
You feel yourself slow down. The 15-headed hydra bites you.
The 15-headed hydra bites you!
* * * LOW HITPOINT WARNING * * *
The 15-headed hydra bites you but does no damage.
The 15-headed hydra bites you.
* * * LOW HITPOINT WARNING * * *
The 15-headed hydra bites you but does no damage. x2
The 15-headed hydra bites you.
* * * LOW HITPOINT WARNING * * *
The 15-headed hydra bites you but does no damage.
The 15-headed hydra bites you.
* * * LOW HITPOINT WARNING * * *
The 15-headed hydra bites you!
* * * LOW HITPOINT WARNING * * *
The 15-headed hydra bites you!
* * * LOW HITPOINT WARNING * * *
The 15-headed hydra completely misses you.
The 15-headed hydra bites you.
You die...

, , , , ,, ...............
, ,................ * ,
................. , ,* ,
,................. ,
................. ,, ,
................., ,, ,
.........D....... , ,
.........@......., , ^ ,
................. ,, # ,,
#.####.#.####.## ..# ,,,*
##.###.###########....# ,
,,................>......#
(......................# ,
,.......................#
.......................#
**
,.#######P.####.##.#..###


You could see a 15-headed hydra.

Vanquished Creatures
  2 two-headed ogres
  A hippogriff (D:9)
  9 yaks (D:9)
  A hungry ghost (D:7)
  A water moccasin (Lair:2)
  A necrophage (D:8)
  2 ogres
  6 centaurs
  A bullfrog (D:8)
  A water moccasin zombie (D:7)
  A scorpion (D:6)
  3 killer bees (D:9)
  5 orc wizards
  A hound (D:8)
  A gnoll shaman (D:5)
  2 iguanas
  5 gnolls (D:5)
  A howler monkey skeleton (D:5)
  4 oozes
  2 worms (D:4)
  2 leopard geckos
  15 orcs
  A ball python (D:1)
  2 giant cockroaches (D:3)
  3 goblins
  2 hobgoblins (D:3)
  2 jackals (D:5)
  2 bats (D:1)
  2 frilled lizards
  A leopard gecko zombie (D:5)
  2 rats
  A fungus (D:8)
85 creatures vanquished.

Vanquished Creatures (collateral kills)
  An ogre (D:5)
1 creature vanquished.

Grand Total: 86 creatures vanquished

Notes
Turn   | Place    | Note
-------+----------+-------------------------------------------
     0 | D:1      | Flugslaktarn the Deep Dwarf Fighter began the quest for the
                  | Orb.
     0 | D:1      | Reached XP level 1. HP: 20/20 MP: 1/1
   164 | D:1      | Reached XP level 2. HP: 22/27 MP: 2/2
   209 | D:2      | Found a shimmering blue altar of Sif Muna.
   497 | D:3      | Reached skill level 3 in Axes
   497 | D:3      | Reached XP level 3. HP: 19/33 MP: 3/3
   507 | D:3      | Reached XP level 4. HP: 36/42 MP: 4/4
   517 | D:3      | Found a shimmering altar of Xom.
   594 | D:4      | Found a staircase to the Ecumenical Temple.
   602 | Temple   | Entered the Ecumenical Temple
   719 | D:4      | Noticed an ogre
   727 | D:4      | Killed an ogre
   727 | D:4      | Reached skill level 4 in Axes
   727 | D:4      | Reached XP level 5. HP: 17/49 MP: 5/5
   760 | D:5      | Entered Level 5 of the Dungeon
   779 | D:5      | Noticed a centaur
   793 | D:5      | Killed a centaur
   793 | D:5      | Reached XP level 6. HP: 37/56 MP: 6/6
   796 | D:5      | Found Pilasaewn's Assorted Antiques.
   808 | D:5      | Bought a scroll labeled ZUAV MAYPUIS for 24 gold pieces
   808 | D:5      | Bought 2 scrolls labeled QYACAQ QEAPP for 48 gold pieces
   819 | D:5      | Reached skill level 5 in Axes
   858 | D:5      | Bought a scroll labeled REEGRE PUHUN FEO for 24 gold pieces
  1014 | D:5      | Reached skill level 5 in Shields
  1014 | D:5      | Reached XP level 7. HP: 52/64 MP: 6/6
  1047 | D:5      | Reached skill level 5 in Armour
  1089 | D:6      | Reached skill level 6 in Axes
  1385 | D:9      | Found a white marble altar of Elyvilon.
  1385 | D:9      | Found a burning altar of Makhleb.
  1385 | D:9      | Found a shattered altar of Ashenzari.
  1385 | D:9      | Found a glowing silver altar of Zin.
  1387 | D:9      | Found a shimmering blue altar of Sif Muna.
  1387 | D:9      | Noticed a two-headed ogre
  1388 | D:9      | Found a shadowy altar of Dithmenos.
  1390 | D:9      | Became a worshipper of Makhleb the Destroyer
  1401 | D:9      | Killed a two-headed ogre
  1401 | D:9      | Reached skill level 5 in Fighting
  1401 | D:9      | Reached skill level 7 in Axes
  1401 | D:9      | Reached XP level 8. HP: 72/74 MP: 6/6
  1423 | D:9      | Reached skill level 8 in Axes
  1432 | D:9      | Gained mutation: You passively map the area around you.
                  | [Deep Dwarf growth]
  1432 | D:9      | Reached XP level 9. HP: 50/81 MP: 7/7
  1436 | D:9      | Reached skill level 1 in Invocations
  1447 | D:9      | Noticed a komodo dragon
  1532 | D:9      | Reached skill level 9 in Axes
  1687 | D:8      | Noticed a two-headed ogre
  1699 | D:8      | Killed a two-headed ogre
  1699 | D:8      | Reached XP level 10. HP: 44/92 MP: 8/10
  1708 | D:8      | Reached * piety under Makhleb
  1708 | D:8      | Reached skill level 10 in Axes
  1790 | D:7      | Found a white marble altar of Elyvilon.
  1860 | D:8      | Found a staircase to the Lair.
  1888 | Lair:1   | Entered Level 1 of the Lair of Beasts
  1942 | Lair:1   | Noticed a four-headed hydra
  1963 | Lair:1   | HP: 4/92 [15-headed hydra (6)]
  1963 | Lair:1   | Slain by a 15-headed hydra

Illustrated notes

Levels and vault maps discovered:
D:1:      dpeg_arrival_solitude, layout_basic
D:2:      layout_loops_corners, serial_forest, infiniplex_forest_lined_2,
          infiniplex_forest_fountain, infiniplex_forest_end_1,
          infiniplex_forest_3_way, led_sif_pool, uniq_jessica
D:3:      kb_forest_paths, layout_rooms, xom_teletrap_fun
D:4:      layout_layer_cave, minmay_temple_entry_glassed_door,
          minmay_manual_macuahuitl
D:5:      layout_loops_ring, lemuel_coloured_pillars_altar, first_ration,
          serial_shops, nicolae_shop_overgrown_old_shop
D:6:      layout_rooms, vehumet_statue, nicolae_tso_swordbearing_angel,
          gammafunk_temple_overflow_pools, serial_shops, shop,
          nrook_pool_corridor
D:7:      lemuel_ice_spiral_2, layout_basic, basic_altar,
          nicolae_ossuary_entry_giza
D:8:      layout_basic, fedhas_altar_1, dpeg_oklobed_lair
D:9:      layout_basic, grunt_temple_overflow_open
Temple:   compressed_dpeg_triangle_lava_temple
Lair:1:   layout_long_grid
Lair:2:   layout_cave_pods, serial_bayou_lagoon_a, uniq_maggie, uniq_sonja

Skill      XL: |  1  2  3  4  5  6  7  8  9 10 |
---------------+-------------------------------+-----
Axes           | 3 4 5 7 8 9 10 | 10.1
Fighting       | 3 4 5 6 |  6.4
Armour         | 4 6 7 |  7.7
Shields        | 4 5 6 7 |  7.8
Invocations    | 4 |  4.7

Action                   |  1- 3 |  4- 6 |  7- 9 | 10-12 || total
-------------------------+-------+-------+-------+-------++-------
Melee: War axe           |    64 |    71 |   209 |    52 ||   396
 Abil: Heal Wounds       |     1 |     5 |    12 |     2 ||    20
  Use: Scroll            |       |     7 |     1 |       ||     8
       Potion            |       |       |       |     1 ||     1
  Eat: Ration            |     1 |       |       |     1 ||     2
Armor: Scale mail        |    34 |    14 |       |       ||    48
       Chain mail        |       |    21 |   106 |    60 ||   187
       Skin              |       |     4 |       |       ||     4
Dodge: Dodged            |    28 |    18 |    71 |    22 ||   139
Block: Kite shield       |    44 |    45 |   165 |    44 ||   298

Table legend:
 A = Non-vault XP
 B = Vault XP
 C = Vault XP percentage of total XP
 D = Non-vault monster count
 E = Vault monster count
 F = Vault count percentage of total count
                 A         B        C        D         E       F
            +---------+---------+-------+---------+---------+-------
      Total |    6297 |       0 |   0.0 |      85 |       0 |   0.0
            +---------+---------+-------+---------+---------+-------
        D:1 |      12 |       0 |   0.0 |       5 |       0 |   0.0
        D:2 |       8 |       0 |   0.0 |       4 |       0 |   0.0
        D:3 |     111 |       0 |   0.0 |      14 |       0 |   0.0
        D:4 |     142 |       0 |   0.0 |       7 |       0 |   0.0
        D:5 |     785 |       0 |   0.0 |      18 |       0 |   0.0
        D:6 |     261 |       0 |   0.0 |       7 |       0 |   0.0
        D:7 |     261 |       0 |   0.0 |       2 |       0 |   0.0
        D:8 |    1289 |       0 |   0.0 |       7 |       0 |   0.0
        D:9 |    3275 |       0 |   0.0 |      20 |       0 |   0.0
     Lair:2 |     153 |       0 |   0.0 |       1 |       0 |   0.0
            +---------+---------+-------+---------+---------+-------
